 Dungeon Crawl Stone Soup version 0.19.1 (webtiles) character file.

151 Ponchio the Magician (level 5, -3/28 HPs)
             Began as a Deep Elf Fire Elementalist on Nov 28, 2016.
             Slain by an ogre
             ... wielding a +0 giant club
              (31 damage)
             ... on level 4 of the Dungeon.
             The game lasted 00:11:34 (2798 turns).

Ponchio the Magician (Deep Elf Fire Elementalist)   Turns: 2798, Time: 00:11:34

Health: -3/28      AC:  3    Str:  5    XL:     5   Next: 11%
Magic:  11/16      EV: 13    Int: 21    God:
Gold:   185        SH:  0    Dex: 15    Spells: 2 memorised, 14 levels left

rFire  . . .     SeeInvis .     h - +0 whip
rCold  . . .     Gourm    .     a - +0 robe
rNeg   . . .     Faith    .     (no shield)
rPois  .         Spirit   .     (no helmet)
rElec  .         Reflect  .     q - +0 cloak
rCorr  .         Harm     .     (no gloves)
MR     .....                    (no boots)
Stlth  ++........               (no amulet)
                                (no ring)
                                (no ring)

@: no status effects
A: no striking features
a: no special abilities


You were on level 4 of the Dungeon.
You were hungry.

You visited 1 branch of the dungeon, and saw 4 of its levels.

You collected 185 gold pieces.

Inventory:

Hand Weapons
 h - a +0 whip (weapon)
Armour
 a - a +0 robe (worn)
 q - a +0 cloak (worn)
Jewellery
 e - an uncursed ring of see invisible {unknown}
 g - an uncursed ring of positive energy {unknown}
Scrolls
 d - 2 scrolls of identify {unknown}
 f - 3 scrolls of noise {unknown}
 k - 2 scrolls of fog {unknown}
 l - a scroll of magic mapping {unknown}
 n - a scroll of enchant weapon {unknown}
 o - 5 scrolls of recharging {unknown}
 r - a scroll of remove curse {unknown}
Potions
 i - a potion of curing {unknown}
 t - a potion of degeneration {unknown}
Books
 b - a book of Flames

   Spells                             Type                      Level
   a - Flame Tongue                   Conjuration/Fire             1
   b - Throw Flame                    Conjuration/Fire             2
   c - Conjure Flame                  Conjuration/Fire             3
   d - Inner Flame                    Hexes/Fire                   3
   e - Sticky Flame                   Conjuration/Fire             4
   f - Fireball                       Conjuration/Fire             5
Comestibles
 c - 2 bread rations
 j - a royal jelly
 m - a slice of pizza
 p - a meat ration


   Skills:
 - Level 2.4 Dodging
 - Level 2.6 Stealth
 + Level 6.7 Spellcasting
 - Level 1.1 Conjurations
 - Level 3.8 Fire Magic


You had 14 spell levels left.
You knew the following spells:

 Your Spells              Type           Power        Failure   Level  Hunger
a - Flame Tongue          Conj/Fire      ###..        3%          1    None
b - Throw Flame           Conj/Fire      ###...       6%          2    None


Dungeon Overview and Level Annotations

Branches:
Dungeon (4/15)
 Temple: D:4-7

Altars:
Fedhas
Zin


Message History

Aim: an ogre, wielding a giant club (moderately wounded)
The flame tongue hits the ogre.
The ogre is moderately wounded.
Casting: Flame Tongue
Confirm with . or Enter, or press ? or * to list all spells.
Aiming: Flame Tongue
Press: ? - help, Shift-Dir - straight line, f/p - ogre
Aim: an ogre, wielding a giant club (moderately wounded)
The flame tongue hits the ogre.
The ogre is severely wounded.
Casting: Flame Tongue
Confirm with . or Enter, or press ? or * to list all spells.
Aiming: Flame Tongue
Press: ? - help, Shift-Dir - straight line, f/p - ogre
Aim: an ogre, wielding a giant club (heavily wounded)
The flame tongue hits the ogre.
The ogre is severely wounded.
The ogre hits you with a giant club!!
Ouch! That really hurt!
You die...

#S.. ...
..# #.. ..
# ##.#
#.#O.#
#..@#
#..#.......
#.<..
.##...#
....#.. ##
## ### #..
... ....
....


You could see an ogre and an adder (wandering).

Vanquished Creatures
  Crazy Yiuf (D:2)
  A worker ant (D:3)
  3 adders
  A gnoll (D:1)
  2 worms (D:2)
  2 dart slugs (D:1)
  An orc (D:3)
  9 bats
  8 giant cockroaches
  4 hobgoblins
  9 kobolds
  A quokka (D:2)
  4 frilled lizards
  3 goblins
  6 rats
55 creatures vanquished.

Notes
Turn   | Place    | Note
-------+----------+-------------------------------------------
     0 | D:1      | Ponchio the Deep Elf Fire Elementalist began the quest for the Orb.
     0 | D:1      | Reached XP level 1. HP: 10/10 MP: 6/6
   237 | D:1      | Reached XP level 2. HP: 9/15 MP: 2/8
   406 | D:1      | Reached skill level 4 in Spellcasting
   760 | D:2      | Reached XP level 3. HP: 19/19 MP: 8/10
   935 | D:2      | Found a faded altar of an unknown god.
  1044 | D:2      | Reached skill level 5 in Spellcasting
  1139 | D:2      | Found a blossoming altar of Fedhas.
  1140 | D:2      | Found a glowing silver altar of Zin.
  1407 | D:2      | Reached XP level 4. HP: 24/24 MP: 8/13
  1444 | D:2      | Found a runed door.
  1448 | D:2      | Noticed Crazy Yiuf
  1455 | D:2      | Killed Crazy Yiuf
  1852 | D:3      | Reached skill level 6 in Spellcasting
  2531 | D:3      | Reached XP level 5. HP: 18/28 MP: 10/16
  2741 | D:3      | Learned a level 2 spell: Throw Flame
  2794 | D:4      | Noticed an ogre
  2798 | D:4      | Slain by an ogre

Skill      XL: |  1  2  3  4 |
---------------+-------------+-----
Spellcasting   | 4 5 6 |  6.7
Dodging        | |  2.4
Stealth        | |  2.6
Conjurations   | |  1.1
Fire Magic     | |  3.8

Action                   |  1- 3 |  4- 6 || total
-------------------------+-------+-------++-------
Melee: Whip              |     3 |     2 ||     5
 Cast: Flame Tongue      |    71 |    45 ||   116
       Throw Flame       |       |     1 ||     1
 Stab: Sleeping          |       |     1 ||     1
  Eat: Chunk             |     1 |     4 ||     5
Armor: Robe              |     5 |     5 ||    10
Dodge: Dodged            |    17 |    20 ||    37
